 Dungeon Crawl Stone Soup version 0.29.0-15-g675c0067aa (webtiles) character file.

Game seed: 10228135140002427099

8757 qw the Severer (level 11, -4/94 (99) HPs)
             Began as a Minotaur Berserker on Sept 12, 2022.
             Was a Priest of Trog.
             Slain by a soul eater (5 damage)
             ... summoned by an obsidian statue
             ... on level 9 of the Dungeon.
             The game lasted 00:03:47 (12358 turns).

qw the Severer (Minotaur Berserker)                Turns: 12358, Time: 00:03:47

HP:   -4/94 (99)    AC: 17    Str: 33    XL:     11   Next: 14%
MP:   0/10          EV: 10    Int: 10    God:    Trog [***...]
Gold: 653           SH:  0    Dex:  9    Spells: 10/10 levels left

rFire   . . .      SeeInvis .   Y - +1 broad axe (protect)
rCold   . . .      Faith    .   (no shield)
rNeg    . . .      Spirit   +   c - +0 chain mail
rPois   .          Reflect  .   (helmet restricted)
rElec   .          Harm     .   (no cloak)
rCorr   .          Rampage  .   (no gloves)
Will    .....                   (no boots)
Stlth   ..........              n - amulet of guardian spirit
HPRegen 0.25/turn               j - +6 ring of strength
MPRegen 0.12/turn               m - +6 ring of intelligence

@: about to teleport, under a protective aura, on berserk cooldown, slowed,
drained, very slow
A: horns 2, retaliatory headbutt
a: Renounce Religion, Berserk, Trog's Hand


You were on level 9 of the Dungeon.
You worshipped Trog.
Trog was most pleased with you.
You visited 1 branch of the dungeon, and saw 9 of its levels.

You collected 653 gold pieces.


Innate Abilities, Weirdness & Mutations

You have a pair of horns on your head.
You reflexively headbutt those who attack you in melee.


   Skills:
 - Level 10.0 Fighting
 - Level 17.0 Axes
 - Level 3.0 Throwing
 + Level 5.9 Armour
 - Level 3.5 Dodging


You had 10 spell levels left.
You didn't know any spells.
Your spell library was empty.

Inventory:

Hand Weapons
 t - a +0 morningstar
 Y - a +1 broad axe of protection (weapon)
Missiles
 r - 10 boomerangs (quivered)
Armour
 c - a +0 chain mail (worn)
 i - a +0 chain mail of poison resistance
 l - a +0 plate armour
 u - a +1 chain mail of poison resistance
 v - a +1 cloak
Jewellery
 e - a ring of willpower
 j - a +6 ring of strength (left hand)
 m - a +6 ring of intelligence (right hand)
 n - an amulet of guardian spirit (around neck)
Scrolls
 q - 3 scrolls of identify
Potions
 a - a potion of brilliance
 b - 6 potions of curing
 d - 2 potions of might
 g - a potion of mutation
 h - 3 potions of heal wounds
 o - a potion of haste
 p - a potion of resistance {unknown}
 s - a potion of flight

Dungeon Overview and Level Annotations

Branches:
Dungeon (9/15)             Temple (0/1) D:4
   Lair: D:8-11         Orc: D:9-12

Altars:
Ashenzari
Elyvilon
Gozag
Hepliaklqana
Kikubaaqudgha
Okawaru
Ru
Uskayaw
Wu Jian
Xom
Yredelemnul
Zin

Shops:
D:5 *   D:9 [

Annotations:
D:3 1 runed translucent door, qw's ghost, amateur GrFi
D:6 3 runed translucent doors, qw's ghost, novice MiBe


Message History

The hellwing barely misses you. x2
You slash the hellwing!
The hellwing is moderately wounded.
The orc wizard casts a spell.
The orc wizard flickers and vanishes!
The hellwing hits you but does no damage. x2
You slash the hellwing!
The hellwing is severely wounded.
You hit the soul eater.
The hellwing hits you but does no damage. x2
The soul eater closely misses you. You furiously retaliate!
You headbutt the soul eater, but do no damage.
You slash the hellwing! Your headbutt misses the hellwing.
The hellwing is almost dead.
You hit the soul eater but do no damage.
The hellwing hits you but does no damage. x2
The soul eater hits you but does no damage.
You hit the hellwing but do no damage.
The hellwing is almost dead.
You slash the soul eater! The hellwing hits you.
The hellwing hits you but does no damage.
The soul eater hits you but does no damage.
You slash the hellwing!
You kill the hellwing!
The hellwing disappears in a puff of smoke!
You barely miss the soul eater.
The soul eater hits you but does no damage.
You slash the soul eater!
The soul eater is heavily wounded.
The soul eater hits you but does no damage.
You barely miss the soul eater.
The soul eater is heavily wounded.
The soul eater hits you!
You feel drained. The soul eater closely misses you. You furiously retaliate!
You headbutt the soul eater.
12358 ||| READING scroll of teleportation.
As you read the scroll of teleportation, it crumbles to dust.
You feel strangely unstable. The soul eater hits you!
You feel drained.
You die...

..# #)### #....##
#.# ##.# #.####
#'###..# ###)#######
......## #.........#
......####..)......#
......##.'.........#
......##.#.........#
......+............#
......###.......@..#
####'## #....~~3...#
####.# #...##~##.¤#
#....# ##.¤#o.¤#~.#
#.#### #.~¤)8.~¤.#
..# ###¤¤#).4#¤.#
.#### #....##~##..#
....# #4#...¤¤~...#
....# #.#.........#


You could see a soul eater (summoned) and an orc.

Vanquished Creatures
  A two-headed ogre (D:9)
  A tengu warrior (D:9)
  Pikel (D:5)
  Prince Ribbit (D:6)
  Sigmund (D:6)
  A wraith (D:9)
  13 yaks (D:9)
  A wyvern (D:9)
  A steam dragon (D:8)
  7 water moccasins
  7 orc warriors
  3 sky beasts
  3 ice beasts
  A black bear (D:6)
  3 centaurs
  3 ogres
  A phantom (D:6)
  2 lemures (D:4)
  3 bullfrogs
  6 wights (D:6)
  3 scorpions
  3 killer bees (D:7)
  2 howler monkeys (D:9)
  5 hounds
  A jelly (D:5)
  4 orc priests
  2 iguanas
  13 orc wizards
  Robin (D:2)
  8 adders
  3 gnolls (D:5)
  An ufetubus (D:4)
  2 worms
  4 dart slugs
  74 orcs
  9 endoplasms
  A giant cockroach (D:1)
  4 hobgoblins
  6 jackals
  4 kobolds
  10 ball pythons
  3 bats
  5 frilled lizards
  19 goblins
  11 rats
258 creatures vanquished.

Vanquished Creatures (others)
  2 withered plants (D:3)
2 creatures vanquished.

Grand Total: 260 creatures vanquished

Notes
Turn   | Place    | Note
-------+----------+-------------------------------------------
     0 | D:1      | qw the Minotaur Berserker began the quest for the Orb.
     0 | D:1      | Reached XP level 1. HP: 19/19 MP: 0/0
     0 | D:1      | 0 ||| qw: Version: 0.1-a-119-g272c26d
     0 | D:1      | 0 ||| qw: Game counter: 10955
     0 | D:1      | 0 ||| qw: Always use a shield: true
     0 | D:1      | 0 ||| qw: Do Orc after D:15 true
     0 | D:1      | 0 ||| qw: Do second Lair branch before Depths: true
     0 | D:1      | 0 ||| qw: Lair rune preference: random
     0 | D:1      | 0 ||| qw: Plans: Normal
     0 | D:1      | 0 ||| PLANNING D:1-11
    40 | D:1      | 40 ||| Stepping ~*~*~tactically~*~*~ (hiding).
    43 | D:1      | 43 ||| Stepping ~*~*~tactically~*~*~ (hiding).
    47 | D:1      | 47 ||| INVOKING Berserk.
    52 | D:1      | Reached skill level 4 in Axes
   420 | D:1      | Reached XP level 2. HP: 26/26 MP: 1/1
   426 | D:1      | Found a faded altar of an unknown god.
   486 | D:1      | 486 ||| Stepping ~*~*~tactically~*~*~ (hiding).
   488 | D:1      | 488 ||| Stepping ~*~*~tactically~*~*~ (hiding).
   867 | D:1      | 867 ||| DROPPING scarf of invisibility.
   868 | D:1      | 868 ||| UPGRADING to +0 leather armour.
   878 | D:1      | 878 ||| DROPPING +0 animal skin.
   879 | D:1      | 879 ||| DROPPING orb of guile.
   880 | D:1      | 880 ||| READING 2 scrolls labelled FIC WAXE DUFE.
   881 | D:1      | 881 ||| READING scroll labelled NUNYMN BOACZOO.
   886 | D:1      | 886 ||| DROPPING scroll of magic mapping.
   896 | D:2      | Noticed Robin
   897 | D:2      | 897 ||| STAIRDANCE
   917 | D:2      | 917 ||| STAIRDANCE
   924 | D:1      | 924 ||| INVOKING Berserk.
   927 | D:1      | Reached skill level 5 in Axes
  1100 | D:2      | 1100 ||| STAIRDANCE
  1102 | D:1      | 1102 ||| INVOKING Berserk.
  1106 | D:1      | Reached XP level 3. HP: 16/31 MP: 2/2
  1301 | D:2      | 1301 ||| STAIRDANCE
  1412 | D:2      | 1412 ||| INVOKING Berserk.
  1417 | D:2      | Killed Robin
  1885 | D:2      | 1885 ||| Stepping ~*~*~tactically~*~*~ (stealth).
  1892 | D:2      | 1892 ||| INVOKING Berserk.
  2117 | D:2      | 2117 ||| UPGRADING to +0 chain mail.
  2127 | D:2      | 2127 ||| DROPPING +0 leather armour.
  2128 | D:2      | 2128 ||| READING scroll labelled KEMMOO POWKU.
  2129 | D:2      | 2129 ||| READING scroll labelled ZELYIN SIOSIO.
  2150 | D:3      | Noticed qw's ghost (amateur GrFi)
  2150 | D:3      | Found a runed translucent door.
  2156 | D:3      | Reached ** piety under Trog
  2157 | D:3      | Reached XP level 4. HP: 27/39 MP: 3/3
  2157 | D:3      | 2157 ||| STAIRDANCE
  2263 | D:3      | Reached skill level 6 in Axes
  2373 | D:3      | 2373 ||| DROPPING +0 club.
  2420 | D:3      | 2420 ||| FLEEEEING.
  2421 | D:3      | 2421 ||| FLEEEEING.
  2422 | D:3      | 2422 ||| FLEEEEING.
  2423 | D:3      | 2423 ||| FLEEEEING.
  2424 | D:3      | 2424 ||| FLEEEEING.
  2425 | D:3      | 2425 ||| FLEEEEING.
  2426 | D:3      | 2426 ||| FLEEEEING.
  2427 | D:3      | 2427 ||| FLEEEEING.
  2428 | D:3      | 2428 ||| FLEEEEING.
  2429 | D:3      | 2429 ||| FLEEEEING.
  2430 | D:3      | 2430 ||| FLEEEEING.
  2431 | D:3      | 2431 ||| FLEEEEING.
  2432 | D:3      | 2432 ||| FLEEEEING.
  2434 | D:3      | 2434 ||| FLEEEEING.
  2435 | D:3      | 2435 ||| FLEEEEING.
  2436 | D:3      | 2436 ||| STAIRDANCE
  2488 | D:3      | 2488 ||| STAIRDANCE
  2595 | D:3      | 2595 ||| STAIRDANCE
  2637 | D:3      | 2637 ||| Stepping ~*~*~tactically~*~*~ (stealth).
  2638 | D:3      | 2638 ||| Stepping ~*~*~tactically~*~*~ (stealth).
  2642 | D:3      | 2642 ||| Stepping ~*~*~tactically~*~*~ (stealth).
  2656 | D:3      | Found an ornate altar of the Wu Jian Council.
  2755 | D:3      | 2755 ||| Stepping ~*~*~tactically~*~*~ (stealth).
  2764 | D:3      | 2764 ||| Stepping ~*~*~tactically~*~*~ (stealth).
  2767 | D:3      | 2767 ||| FLEEEEING.
  2770 | D:3      | 2770 ||| STAIRDANCE
  2914 | D:3      | 2914 ||| Stepping ~*~*~tactically~*~*~ (stealth).
  2925 | D:3      | 2925 ||| INVOKING Berserk.
  2929 | D:3      | Reached skill level 1 in Throwing
  2929 | D:3      | Reached XP level 5. HP: 36/45 MP: 4/4
  2944 | D:3      | 2944 ||| Stepping ~*~*~tactically~*~*~ (stealth).
  3009 | D:3      | 3009 ||| FLEEEEING.
  3077 | D:3      | 3077 ||| DROPPING +0 whip.
  3242 | D:3      | Found a hide-covered altar of Uskayaw.
  3291 | D:3      | 3291 ||| Stepping ~*~*~tactically~*~*~ (stealth).
  3314 | D:3      | 3314 ||| READING scroll of enchant weapon.
  3314 | D:3      | 3314 ||| ENCHANTING +1 hand axe.
  3362 | D:3      | 3362 ||| READING 2 scrolls labelled OVVUASM YMASAI.
  3363 | D:3      | 3363 ||| READING scroll labelled ZIVYIKHL QINUCZE.
  3364 | D:3      | 3364 ||| DRINKING 3 grey potions.
  3365 | D:3      | 3365 ||| DROPPING scroll of blinking.
  3525 | D:4      | Reached skill level 7 in Axes
  3580 | D:4      | Noticed an ogre
  3583 | D:4      | 3583 ||| INVOKING Berserk.
  3586 | D:4      | Killed an ogre
  3587 | D:4      | Reached XP level 6. HP: 50/55 MP: 5/5
  3726 | D:4      | 3726 ||| Stepping ~*~*~tactically~*~*~ (hiding).
  3729 | D:4      | 3729 ||| INVOKING Berserk.
  3741 | D:4      | 3741 ||| Stepping ~*~*~tactically~*~*~ (stealth).
  3742 | D:4      | 3742 ||| Stepping ~*~*~tactically~*~*~ (stealth).
  3747 | D:4      | 3747 ||| Stepping ~*~*~tactically~*~*~ (hiding).
  3774 | D:4      | 3774 ||| Stepping ~*~*~tactically~*~*~ (stealth).
  3798 | D:4      | 3798 ||| Stepping ~*~*~tactically~*~*~ (stealth).
  3799 | D:4      | 3799 ||| INVOKING Berserk.
  4019 | D:4      | Found a staircase to the Ecumenical Temple.
  4052 | D:4      | Found a hazy altar of Hepliaklqana.
  4060 | D:4      | 4060 ||| FLEEEEING.
  4062 | D:4      | 4062 ||| FLEEEEING.
  4309 | D:4      | Reached skill level 8 in Axes
  4310 | D:4      | 4310 ||| Stepping ~*~*~tactically~*~*~ (stealth).
  4312 | D:4      | 4312 ||| Stepping ~*~*~tactically~*~*~ (stealth).
  4314 | D:4      | 4314 ||| Stepping ~*~*~tactically~*~*~ (stealth).
  4330 | D:4      | Reached *** piety under Trog
  4565 | D:4      | 4565 ||| DROPPING amulet of magic regeneration.
  4566 | D:4      | 4566 ||| UPGRADING to ring of willpower.
  4567 | D:4      | 4567 ||| UPGRADING to +6 ring of intelligence.
  4568 | D:4      | 4568 ||| READING scroll labelled VEMAIF KOUCVA.
  4568 | D:4      | Identified a scroll of acquirement
  4568 | D:4      | 4568 ||| ACQUIRING +1 broad axe of venom
  4568 | D:4      | Acquired a +1 broad axe of venom
  4570 | D:4      | 4570 ||| SWAPPING to +1 broad axe of venom.
  4571 | D:4      | 4571 ||| DROPPING +2 hand axe.
  4599 | D:5      | Entered Level 5 of the Dungeon
  4601 | D:5      | 4601 ||| STAIRDANCE
  4645 | D:5      | 4645 ||| STAIRDANCE
  4654 | D:5      | 4654 ||| STAIRDANCE
  4659 | D:5      | 4659 ||| STAIRDANCE
  4714 | D:5      | 4714 ||| STAIRDANCE
  4784 | D:5      | 4784 ||| Stepping ~*~*~tactically~*~*~ (stealth).
  4786 | D:5      | 4786 ||| Stepping ~*~*~tactically~*~*~ (hiding).
  4788 | D:5      | Reached XP level 7. HP: 60/60 MP: 6/6
  4813 | D:5      | 4813 ||| INVOKING Berserk.
  4815 | D:5      | Reached skill level 9 in Axes
  4978 | D:5      | 4978 ||| Stepping ~*~*~tactically~*~*~ (hiding).
  4981 | D:5      | 4981 ||| Stepping ~*~*~tactically~*~*~ (hiding).
  4982 | D:5      | 4982 ||| Stepping ~*~*~tactically~*~*~ (hiding).
  4990 | D:5      | 4990 ||| Stepping ~*~*~tactically~*~*~ (stealth).
  5089 | D:5      | 5089 ||| INVOKING Berserk.
  5169 | D:5      | Noticed Pikel
  5170 | D:5      | 5170 ||| FLEEEEING.
  5302 | D:5      | 5302 ||| INVOKING Berserk.
  5311 | D:5      | Killed Pikel
  5312 | D:5      | Reached skill level 11 in Axes
  5312 | D:5      | Reached XP level 8. HP: 68/68 MP: 7/7
  5596 | D:5      | Found Saag's Serpentskin Sales.
  5828 | D:5      | Identified the +1 leather armour "Jauked" {rN++ rCorr Int-5
                  | Dex+4}
  5832 | D:5      | 5832 ||| DROPPING +4 war axe of electrocution.
  5903 | D:5      | Found a white marble altar of Elyvilon.
  5909 | D:5      | Reached skill level 6 in Fighting
  5918 | D:5      | 5918 ||| UPGRADING to amulet of guardian spirit.
  5923 | D:5      | 5923 ||| READING scroll labelled CUUCAASUIWK.
  5986 | D:6      | 5986 ||| INVOKING Berserk.
  6126 | D:6      | 6126 ||| Stepping ~*~*~tactically~*~*~ (hiding).
  6174 | D:6      | 6174 ||| DROPPING +0 flail.
  6192 | D:6      | Reached skill level 12 in Axes
  6307 | D:6      | Noticed Sigmund
  6308 | D:6      | 6308 ||| INVOKING Berserk.
  6311 | D:6      | Killed Sigmund
  6444 | D:6      | Reached XP level 9. HP: 78/79 MP: 8/8
  6468 | D:6      | 6468 ||| Stepping ~*~*~tactically~*~*~ (stealth).
  6471 | D:6      | 6471 ||| INVOKING Berserk.
  6677 | D:6      | 6677 ||| Stepping ~*~*~tactically~*~*~ (stealth).
  6882 | D:6      | Noticed Prince Ribbit
  6884 | D:6      | 6884 ||| INVOKING Berserk.
  6886 | D:6      | Killed Prince Ribbit
  6887 | D:6      | Reached skill level 13 in Axes
  7188 | D:6      | Found a runed translucent gate.
  7188 | D:6      | Found a runed translucent gate.
  7188 | D:6      | Found a runed translucent gate.
  7189 | D:6      | Found an opulent altar of Gozag.
  7191 | D:6      | Noticed qw's ghost (novice MiBe)
  7231 | D:6      | Noticed a manticore
  7383 | D:6      | 7383 ||| DROPPING +4 ring mail.
  7384 | D:6      | 7384 ||| DRINKING 2 brown potions.
  7385 | D:6      | 7385 ||| DRINKING 2 sedimented purple potions.
  7386 | D:6      | 7386 ||| DRINKING 2 silvery potions.
  7491 | D:6      | 7491 ||| READING 3 scrolls of identify.
  7491 | D:6      | 7491 ||| IDENTIFYING viscous dark potion
  7492 | D:6      | 7492 ||| READING 2 scrolls of identify.
  7492 | D:6      | 7492 ||| IDENTIFYING murky inky potion
  7493 | D:6      | 7493 ||| DROPPING potion of attraction.
  7494 | D:6      | 7494 ||| DROPPING potion of degeneration.
  7495 | D:6      | 7495 ||| DROPPING potion of berserk rage.
  7527 | D:7      | 7527 ||| Stepping ~*~*~tactically~*~*~ (stealth).
  7596 | D:7      | Reached **** piety under Trog
  7765 | D:7      | Found a sacrificial altar of Ru.
  7768 | D:7      | Found an iron altar of Okawaru.
  7769 | D:7      | Found a shimmering altar of Xom.
  7769 | D:7      | Found a broken altar of Ashenzari.
  7802 | D:7      | Reached skill level 14 in Axes
  8025 | D:7      | Reached skill level 3 in Throwing
  8202 | D:7      | 8202 ||| INVOKING Berserk.
  8472 | D:7      | Found a glowing silver altar of Zin.
  8968 | D:7      | 8968 ||| DROPPING orb of guile.
  8969 | D:7      | 8969 ||| READING 2 scrolls of identify.
  8969 | D:7      | 8969 ||| IDENTIFYING clear potion
  9006 | D:8      | Identified the +3 leather armour of Miracles {Int+3}
  9032 | D:8      | 9032 ||| Stepping ~*~*~tactically~*~*~ (hiding).
  9036 | D:8      | 9036 ||| INVOKING Berserk.
  9038 | D:8      | Reached XP level 10. HP: 88/88 MP: 7/9
  9145 | D:8      | 9145 ||| INVOKING Berserk.
  9325 | D:8      | 9325 ||| Stepping ~*~*~tactically~*~*~ (hiding).
  9330 | D:8      | Reached skill level 15 in Axes
  9596 | D:8      | Found a basalt altar of Yredelemnul.
  9599 | D:8      | 9599 ||| UPGRADING to +6 ring of strength.
  9601 | D:8      | 9601 ||| READING scroll labelled NUSIUSTREYTH.
  9602 | D:8      | 9602 ||| READING scroll labelled JUPHAI WACA.
  9603 | D:8      | 9603 ||| READING 2 scrolls of teleportation.
  9622 | D:9      | Reached skill level 3 in Dodging
  9624 | D:9      | 9624 ||| INVOKING Berserk.
  9626 | D:9      | Reached skill level 9 in Fighting
 10008 | D:9      | 10008 ||| INVOKING Berserk.
 10153 | D:9      | Noticed a two-headed ogre
 10159 | D:9      | 10159 ||| INVOKING Berserk.
 10162 | D:9      | Killed a two-headed ogre
 10415 | D:9      | Found an ancient bone altar of Kikubaaqudgha.
 10416 | D:9      | Noticed a tengu warrior
 10417 | D:9      | 10417 ||| Stepping ~*~*~tactically~*~*~ (hiding).
 10425 | D:9      | 10425 ||| INVOKING Berserk.
 10429 | D:9      | HP: 34/136 [tengu warrior/+0 battleaxe (8)]
 10434 | D:9      | HP: 15/136 [tengu warrior/+0 battleaxe (9)]
 10436 | D:9      | Killed a tengu warrior
 10437 | D:9      | Reached skill level 16 in Axes
 10812 | D:9      | Reached skill level 17 in Axes
 10867 | D:9      | 10867 ||| FLEEEEING.
 10895 | D:9      | 10895 ||| Stepping ~*~*~tactically~*~*~ (stealth).
 10927 | D:9      | Noticed an obsidian statue
 10928 | D:9      | 10928 ||| INVOKING Brothers in Arms.
 10929 | D:9      | 10929 ||| INVOKING Brothers in Arms.
 10951 | D:9      | 10951 ||| DRINKING 7 potions of curing.
 10951 | D:9      | 10951 ||| (to cure confusion)
 10956 | D:9      | 10956 ||| DRINKING 6 potions of curing.
 10956 | D:9      | 10956 ||| (to cure confusion)
 10965 | D:9      | 10965 ||| FLEEEEING.
 10966 | D:9      | 10966 ||| FLEEEEING.
 10966 | D:9      | Noticed an orange demon
 10967 | D:9      | 10967 ||| FLEEEEING.
 10968 | D:9      | 10968 ||| FLEEEEING.
 10969 | D:9      | 10969 ||| FLEEEEING.
 10970 | D:9      | 10970 ||| FLEEEEING.
 10972 | D:9      | 10972 ||| FLEEEEING.
 10973 | D:9      | 10973 ||| FLEEEEING.
 10974 | D:9      | 10974 ||| FLEEEEING.
 10975 | D:9      | 10975 ||| FLEEEEING.
 10976 | D:9      | 10976 ||| FLEEEEING.
 11094 | D:9      | 11094 ||| INVOKING Brothers in Arms.
 11109 | D:9      | 11109 ||| INVOKING Berserk.
 11129 | D:9      | 11129 ||| FLEEEEING.
 11130 | D:9      | 11130 ||| FLEEEEING.
 11131 | D:9      | 11131 ||| FLEEEEING.
 11132 | D:9      | 11132 ||| FLEEEEING.
 11133 | D:9      | 11133 ||| FLEEEEING.
 11434 | D:9      | Found a hazy altar of Hepliaklqana.
 11448 | D:9      | 11448 ||| Stepping ~*~*~tactically~*~*~ (stealth).
 11454 | D:9      | Reached XP level 11. HP: 84/97 MP: 10/10
 11588 | D:9      | 11588 ||| INVOKING Berserk.
 11688 | D:9      | 11688 ||| Stepping ~*~*~tactically~*~*~ (hiding).
 11689 | D:9      | 11689 ||| INVOKING Berserk.
 11934 | D:9      | 11934 ||| DROPPING +4 flail.
 12200 | D:9      | Found Enki's Dragon-Slaying Spoils.
 12208 | D:9      | 12208 ||| SHOPLISTING +0 fire dragon scales (900 gold, have
                  | 653).
 12208 | D:9      | 12208 ||| SHOPLISTING +0 pearl dragon scales (1500 gold,
                  | have 653).
 12208 | D:9      | 12208 ||| SHOPLISTING +0 shadow dragon scales "Uvuuzeczaod"
                  | {Regen+ Stlth++++} (1305 gold, have 653).
 12208 | D:9      | 12208 ||| SHOPLISTING +1 swamp dragon scales "Dupnifan"
                  | {Rampage Drain Fly rPois MP+9} (1161 gold, have 653).
 12208 | D:9      | 12208 ||| SHOPLISTING +2 storm dragon scales (1380 gold,
                  | have 653).
 12208 | D:9      | 12208 ||| SHOPLISTING +6 gold dragon scales of the Little
                  | Devil {*Corrode rPois rF+ rC+ Int+5 SInv} (1764 gold, have
                  | 653).
 12208 | D:9      | 12208 ||| SHOPLISTING +9 ice dragon scales "Momopeweyr"
                  | {*Slow rF- rC++ rCorr Str+4 Stlth+} (1737 gold, have 653).
 12272 | D:9      | 12272 ||| INVOKING Brothers in Arms.
 12275 | D:9      | 12275 ||| READING scroll labelled DAUVOQ ELINAWK.
 12276 | D:9      | 12276 ||| DRINKING 2 fuming pink potions.
 12277 | D:9      | 12277 ||| READING 4 scrolls of identify.
 12277 | D:9      | 12277 ||| IDENTIFYING red potion
 12289 | D:9      | 12289 ||| INVOKING Brothers in Arms.
 12320 | D:9      | 12320 ||| FLEEEEING.
 12321 | D:9      | 12321 ||| FLEEEEING.
 12322 | D:9      | 12322 ||| FLEEEEING.
 12324 | D:9      | 12324 ||| FLEEEEING.
 12325 | D:9      | 12325 ||| FLEEEEING.
 12327 | D:9      | 12327 ||| INVOKING Brothers in Arms.
 12328 | D:9      | 12328 ||| INVOKING Berserk.
 12329 | D:9      | Noticed a soul eater
 12340 | D:9      | HP: 20/99 [hellwing[an obsidian statue] (5)]
 12341 | D:9      | 12341 ||| READING 2 scrolls of teleportation.
 12342 | D:9      | 12342 ||| DRINKING 4 potions of heal wounds.
 12343 | D:9      | 12343 ||| FLEEEEING.
 12357 | D:9      | HP: 13/99 [soul eater[an obsidian statue] (13)]
 12358 | D:9      | 12358 ||| READING scroll of teleportation.
 12358 | D:9      | HP: 1/96 [soul eater[an obsidian statue] (10)]
 12358 | D:9      | Slain by a soul eater

Levels and vault maps discovered:
D:1:      wheals_arrival_shading, layout_loops_ring,
          hellmonk_ecumenical_altar_crossroads
D:2:      layout_rooms, minmay_ruptured, uniq_robin
D:3:      layout_basic, nzn_wu_jian_contemplation,
          lemuel_coloured_pillars_altar, gammafunk_ghost_grave
D:4:      layout_loops_corners, mainiacjoe_overflow_concentric_impassable,
          minmay_temple_entry_glassed_door
D:5:      layout_rooms, nicolae_elyvilon_temple_path, guppyfry_shop_venom,
          uniq_pikel
D:6:      layout_basic, ebering_ghost_gozag, uniq_prince_ribbit1, uniq_sigmund
D:7:      layout_cave_pods, zin_statuary, grunt_temple_overflow_open
D:8:      layout_basic, kennysheep_little_box
D:9:      layout_roguey [special_room_orc], st_stairs_1,
          hangedman_feature_mirror, nicolae_shop_dragon_depot, minivault_15

Skill      XL: |  1  2  3  4  5  6  7  8  9 10 11 |
---------------+----------------------------------+-----
Axes           | 4 5 6 7 8 11 12 14 17 | 17.0
Throwing       | 1 2 3 |  3.0
Fighting       | 4 5 7 8 9 10 | 10.0
Armour         | 4 5 |  5.9
Dodging        | 3 |  3.5

Action                   |  1- 3 |  4- 6 |  7- 9 | 10-12 || total
-------------------------+-------+-------+-------+-------++-------
Melee: Hand axe          |    85 |   106 |       |       ||   191
       Headbutt          |    13 |    20 |    18 |    20 ||    71
       Punch             |     2 |     1 |     2 |     2 ||     7
       Broad axe         |       |    25 |   166 |   161 ||   352
Throw: Javelin           |       |    37 |    31 |     1 ||    69
       Boomerang         |       |     6 |    35 |     2 ||    43
Invok: Berserk           |     5 |     4 |     9 |     9 ||    27
       Brothers in Arms  |       |       |       |     4 ||     4
  Use: Scroll            |     4 |     4 |     4 |     7 ||    19
       Potion            |       |     1 |     3 |     4 ||     8
Armor: Leather armour    |    21 |       |       |       ||    21
       Chain mail        |       |    81 |    59 |    81 ||   221
Dodge: Dodged            |    50 |    62 |    72 |    61 ||   245

Table legend:
 A = Non-vault XP
 B = Vault XP
 C = Vault XP percentage of total XP
 D = Non-vault monster count
 E = Vault monster count
 F = Vault count percentage of total count
                 A         B        C        D         E       F
            +---------+---------+-------+---------+---------+-------
      Total |    9127 |    3383 |  27.0 |     206 |      50 |  19.5
            +---------+---------+-------+---------+---------+-------
        D:1 |      25 |      19 |  43.2 |      14 |      10 |  41.7
        D:2 |      38 |      19 |  33.3 |      21 |       3 |  12.5
        D:3 |     116 |       0 |   0.0 |      29 |       0 |   0.0
        D:4 |     498 |       0 |   0.0 |      31 |       0 |   0.0
        D:5 |     412 |     872 |  67.9 |      14 |       5 |  26.3
        D:6 |    1430 |     500 |  25.9 |      23 |       2 |   8.0
        D:7 |    1275 |       0 |   0.0 |      26 |       0 |   0.0
        D:8 |     992 |       0 |   0.0 |      19 |       0 |   0.0
        D:9 |    4341 |    1973 |  31.2 |      29 |      30 |  50.8
            +---------+---------+-------+---------+---------+-------
